[Event "Early-Titled-Tuesday-Blitz-February-27-2024"]
[Site "Chess.com"]
[Date "2024.02.27"]
[Round "5"]
[White "shirovin"]
[Black "javirec"]
[Result "1-0"]
[WhiteElo "2085"]
[BlackElo "2271"]
[TimeControl "180+1"]
[EndTime "8:54:27 PST"]
[Termination "shirovin won on time"]

1. e4 c5 2. Nf3 e6 3. g3 b6 4.
Bg2 Bb7 5. d3 Nf6 6. O-O d5 7. e5 Nfd7 8. Re1 Nc6 9. h4 Qc7 10.
Bf4 h6 11. c4 d4 12. Nbd2 Be7 13. a3 g5 14. hxg5 hxg5 15. Nxg5 Rg8 16. Ngf3 O-O-O 17. Qa4 Nf8 18. b4 cxb4 19. axb4 Bxb4 20. Reb1 a5 21. Ne4 Ng6 22. Nd6+ Kb8 23. Nxb7 Qxb7 24. Nxd4 Rxd4 25.
Bxc6 Qe7 26. Qb5 Kc7 27. Be3 Qc5 28. Qxc5 Bxc5 29. Be4 Rxe4 30. Bxc5 Rxe5 31. Bxb6+ Kc6 32. Bxa5 Rc8 33. Rb6+ Kd7 34. Rb7+ Ke8 35. Bb4 Rf5 36. Rd1 Ne5 37. d4 Nxc4 38. Ra1 1-0

[Event "Early-Titled-Tuesday-Blitz-February-27-2024"]
[Site "Chess.com"]
[Date "2024.02.27"]
[Round "5"]
[White "Mikhail_Bryakin"]
[Black "HansOnTwitch"]
[Result "0-1"]
[WhiteElo "2746"]
[BlackElo "3150"]
[TimeControl "180+1"]
[EndTime "8:54:28 PST"]
[Termination "HansOnTwitch won on time"]

1. e4 c5 2. d4 cxd4 3. Qxd4 Nc6 4. Qd3 Nf6 5. Nc3 a6 6. f4 d6 7. Nf3 g6 8. Be2 Bg7 9. O-O O-O 10. Nd5 b5 11. c3 Bb7 12. Nxf6+ Bxf6 13. Be3 b4 14. Nd4 bxc3 15. bxc3 Qc7 16. Rab1 Na5 17. Rfc1 Rfb8 18.
Nb3 Bc6 19. Nxa5 Qxa5 20. Bd4 e5 21. Rxb8+ Rxb8 22. Be3 exf4 23. Qxd6 Be5 24. Qxc6 fxe3 25. Bc4 Kh8 26. Bb3 Rd8 27. Qc4 Qb6 28. Kf1 Bxh2 29.
Qxf7 Qb5+ 30. Bc4 Qg5 31. Be2 Bd6 32. Qe6 Rf8+ 33. Bf3 e2+ 34. Kxe2 Qxc1 35. Qxd6 Qb2+ 36. Kf1 Qb8 37. Qd4+ Kg8 38. e5 Qd8 39. Qc4+ Kg7 40. Qxa6 Qd1+ 41. Kf2 Qd2+ 42. Kg3 Qg5+ 43. Kf2 Qxe5 44.
Qd3 Rb8 45. Qd7+ Kh8 46. Qd2 Rc8 0-1

[Event "Early-Titled-Tuesday-Blitz-February-27-2024"]
[Site "Chess.com"]
[Date "2024.02.27"]
[Round "5"]
[White "Let_it_be_1"]
[Black "Kazancev_Valerij_M"]
[Result "0-1"]
[WhiteElo "2548"]
[BlackElo "2419"]
[TimeControl "180+1"]
[EndTime "8:54:28 PST"]
[Termination "Kazancev_Valerij_M won by resignation"]

1. e4 g6 2. d4 Bg7 3. Nc3 e6 4. f4 Ne7 5. Nf3 a6 6. Bd3 f5 7. O-O O-O 8. e5 b5 9. a3 Bb7 10. Be3 d6 11. Qe2 h6 12. Kh1 Re8 13. exd6 cxd6 14.
Bf2 Nd5 15. Nxd5 Bxd5 16. b3 Nd7 17. c4 bxc4 18. bxc4 Bb7 19. Rab1 Qc8 20. Rb3 Nf6 21. Rfb1 Be4 22. Bh4 Bxd3 23. Qxd3 Ne4 24. Rb7 Qc6 25. Be1 d5 26. c5 Qa4 27. h3 g5 28. fxg5 hxg5 29.
g4 fxg4 30. hxg4 Rf8 31. Kg2 Rf4 32. Nh2 Raf8 33. Bg3 Nxg3 34. Qg6 Qxd4 35. Qxe6+ Kh8 36. Rxg7 Qxg7 37. Kxg3 Re4 38. Qxd5 Qc3+ 39. Kg2 Qc2+ 40. Kh3 Re3+ 0-1

[Event "Early-Titled-Tuesday-Blitz-February-27-2024"]
[Site "Chess.com"]
[Date "2024.02.27"]
[Round "5"]
[White "MightyGMpretender"]
[Black "OneTrickPony_82"]
[Result "1-0"]
[WhiteElo "2786"]
[BlackElo "2551"]
[TimeControl "180+1"]
[EndTime "8:54:31 PST"]
[Termination "MightyGMpretender won by resignation"]

1. Nf3 Nf6 2. c4 c5 3. Nc3 e6 4. g3 d5 5. cxd5 exd5 6. d4 Nc6 7. Bg2 cxd4 8. Nxd4 Bc5 9. Nb3 Bb6 10. O-O d4 11.
Na4 O-O 12. Re1 Re8 13. Bd2 Bg4 14. h3 Bh5 15. Nbc5 Qe7 16. Nxb6 axb6 17. Nd3 Rad8 18.
Nf4 Bg6 19. Rc1 Be4 20. Bf1 Nd5 21. Nd3 Qd7 22. Qb3 Re6 23. Nf4 Nxf4 24. Bxf4 Ne5 25. Bxe5 Rxe5 26. Qxb6 Bc6 27. Rc5 Rde8 28. Rd1 Rxc5 29.
Qxc5 Rd8 30. e3 Qe6 31. Rxd4 Rc8 32. Qd6 Qe8 33. Bg2 Bxg2 34. Kxg2 h6 35. a3 Qb5 36. Rb4 Qf5 37. Qf4 Qd7 38. Qf3 b5 39. Rd4 Qc7 40. Qd5 Qb6 41. Rb4 Rc2 42. Qa8+ Kh7 43. Qe4+ Qg6 44.
Qxg6+ Kxg6 45. Rxb5 f6 46. a4 h5 47. a5 Rc1 48. a6 Ra1 49. Rb6 Ra2 50. b4 Kf5 51. b5 Ke4 52. Rb7 g5 53. a7 h4 54. gxh4 gxh4 55. b6 Kd5 56. Rb8 1-0

[Event "Early-Titled-Tuesday-Blitz-February-27-2024"]
[Site "Chess.com"]
[Date "2024.02.27"]
[Round "5"]
[White "Andreikka"]
[Black "vi_pranav"]
[Result "0-1"]
[WhiteElo "2950"]
[BlackElo "3117"]
[TimeControl "180+1"]
[EndTime "8:54:32 PST"]
[Termination "vi_pranav won on time"]

1. e4 e5 2. Nf3 Nc6 3. Bc4 Nf6 4. d3 Bc5 5. Nc3 d6 6. Na4 Bb6 7. a3 O-O 8. O-O h6 9. h3 Be6 10. Bxe6 fxe6 11. b4 Qe8 12. Nxb6 axb6 13. c4 Nh5 14. g3 Nxb4 15. d4 Nc6 16. d5 Na5 17. Qd3 Nf6 18. Kg2 c6 19. dxe6 Qxe6 20. Nd2 Nd7 21. Rb1 Rf7 22. Bb2 Nc5 23. Qe2 Na4 24. Ba1 Raf8 25.
f3 Ra8 26. Rfc1 Qe8 27. Nf1 Nc5 28. Qd1 Qe6 29. Ne3 Raf8 30. Nf5 Nxc4 31. a4 Qxf5 32. exf5 Ne3+ 33. Kf2 Nxd1+ 34. Rxd1 Rxf5 35. f4 exf4 36. g4 R5f7 37. Rxb6 Nxa4 38. Rb4 Nc5 39. Rxd6 Re8 40.
Rd1 f3 41. Bd4 Re2+ 42. Kf1 Ne4 0-1

[Event "Early-Titled-Tuesday-Blitz-February-27-2024"]
[Site "Chess.com"]
[Date "2024.02.27"]
[Round "5"]
[White "kuba2006"]
[Black "rhungaski"]
[Result "1-0"]
[WhiteElo "2473"]
[BlackElo "2590"]
[TimeControl "180+1"]
[EndTime "8:54:32 PST"]
[Termination "kuba2006 won on time"]

1. e4 c5 2. Nf3 Nc6 3. d4 cxd4 4.
Nxd4 e5 5. Nb5 a6 6. Nd6+ Bxd6 7. Qxd6 Qf6 8. Qxf6 Nxf6 9. Nc3 Nb4 10. Bd3 d5 11.
exd5 Nfxd5 12. Nxd5 Nxd5 13. Bd2 Bg4 14. f3 Be6 15. O-O-O f6 16. Rhe1 Kf7 17. b3 a5 18.
Be4 h5 19. Kb2 Ra7 20. c4 Nb4 21. Be3 b6 22. Bxb6 Ra6 23. Bc5 Rb8 24. Bd6 Rxd6 25. Rxd6 a4 26. a3 Ke7 27. Red1 f5 28. Bb1 Nd5 29.
R6xd5 Rxb3+ 30. Ka2 Bxd5 31. Rxd5 Re3 32. Bxf5 Re2+ 33.
Kb1 Rxg2 34. Rxe5+ Kf6 35. Ra5 Rxh2 36. Bc8 h4 37. Rxa4 h3 38. Ra6+ Kg5 39. Bxh3 Rxh3 40. Ra7 1-0

[Event "Early-Titled-Tuesday-Blitz-February-27-2024"]
[Site "Chess.com"]
[Date "2024.02.27"]
[Round "5"]
[White "Hikaru"]
[Black "KuzubovYuriy"]
[Result "1-0"]
[WhiteElo "3248"]
[BlackElo "2958"]
[TimeControl "180+1"]
[EndTime "8:54:33 PST"]
[Termination "Hikaru won by resignation"]

1. h3 d5 2. d4 Nf6 3. Bf4 c5 4.
e3 Nc6 5. Nc3 cxd4 6. exd4 Bf5 7. g4 Bg6 8. Bd3 e6 9. Nge2 Bd6 10. Bg5 Qb6 11. Qd2 Ne4 12. Bxe4 dxe4 13. O-O-O Rc8 14.
d5 Na5 15. Be3 Qa6 16. b3 O-O 17. dxe6 Rfd8 18. Kb1 Be7 19. Nd5 Rxd5 20. Qxd5 Qxe2 21. Rd2 Qf3 22. Rhd1 Nc6 23. Qd7 Rb8 24. Bxa7 Nxa7 25. Qxe7 h6 26. Qc7 Nc6 27. e7 Re8 28. Rd8 Kh7 29.
R1d7 Rxe7 30. Rxe7 e3 31. Rxe3 Qxf2 32. Rc3 Qf6 33.
Rxc6 bxc6 34. Rd2 Qf1+ 35. Kb2 Qf6+ 36. c3 Qf1 37. Qd6 Qb1+ 38. Ka3 Qc1+ 39. Kb4 Qg1 40. Qd4 Qf1 41. a4 Qa6 42. Ka3 f6 43. c4 Qa5 44.
c5 Qa8 45. h4 Qe8 46. h5 Bb1 47. Kb2 Qe1 48. Rd1 1-0

[Event "Early-Titled-Tuesday-Blitz-February-27-2024"]
[Site "Chess.com"]
[Date "2024.02.27"]
[Round "5"]
[White "AndreyOstrovskiy"]
[Black "DuleMudule"]
[Result "0-1"]
[WhiteElo "2663"]
[BlackElo "2855"]
[TimeControl "180+1"]
[EndTime "8:54:33 PST"]
[Termination "DuleMudule won by resignation"]

1. e4 c5 2. Nf3 Nc6 3. d4 cxd4 4. Nxd4 Qc7 5. Nc3 e6 6. f4 a6 7. Nxc6 Qxc6 8. Bd3 b5 9. Qe2 Bb7 10. a3 h5 11. Bd2 Rc8 12. Rf1 Nf6 13. O-O-O b4 14. axb4 Bxb4 15. e5 Bxc3 16. Bxc3 Nd5 17. Bd2 Qa4 18.
Kb1 Nb4 19. Bxb4 Qxb4 20. Qd2 Qxd2 21. Rxd2 Ke7 22. Rfd1 Rc7 23. c3 a5 24. Bc2 f6 25.
Re1 Rc4 26. f5 Rf4 27. exf6+ gxf6 28. g3 Rf3 29. Ba4 Bc8 30. fxe6 dxe6 31. Rd5 h4 32. Rxa5 hxg3 33. hxg3 Rxg3 34. Ra7+ Kd6 35. Rd1+ Ke5 36. Ra5+ Kf4 37. Bc6 e5 38. Rf1+ Kg5 39. Be4 Rh4 40. Bc2 Rf4 41. Rxf4 Kxf4 42. Rc5 Bb7 43. b4 e4 44. Rc7 e3 45. Rxb7 e2 46. Re7 Rg1+ 47. Kb2 e1=Q 48. Rxe1 Rxe1 49. b5 Ke5 50. Kb3 f5 51. Kc4 f4 52. Kc5 Rc1 0-1

[Event "Early-Titled-Tuesday-Blitz-February-27-2024"]
[Site "Chess.com"]
[Date "2024.02.27"]
[Round "5"]
[White "Licancabur"]
[Black "Bastiandash"]
[Result "1-0"]
[WhiteElo "2478"]
[BlackElo "2600"]
[TimeControl "180+1"]
[EndTime "8:54:33 PST"]
[Termination "Licancabur won by resignation"]

1. d4 Nf6 2. Bg5 d5 3. e3 c5 4.
Bxf6 gxf6 5. dxc5 Nc6 6. Nf3 e5 7. Nc3 Be6 8. Qd2 Bxc5 9. O-O-O Rc8 10. Nxd5 Bxd5 11. Qxd5 Qxd5 12. Rxd5 Nb4 13. Bb5+ Kf8 14. Rd7 Nxa2+ 15. Kb1 Nb4 16. Bc4 Be7 17. Bb3 Na6 18. Rxb7 Nc5 19. Rxa7 Nxb3 20. cxb3 Rb8 21. Rd1 Bc5 22. Rc7 Bb6 23. Rc6 Kg7 24. Nh4 Ba5 25.
Nf5+ Kg6 26. e4 Rxb3 27. Rdd6 Rhb8 28. Rxf6+ Kg5 29. h4+ Kg4 30. f3+ Kf4 31. Nd4+ Ke3 32. Nxb3 Rxb3 33. Kc2 Rb8 34. Rxf7 Bb6 35. Rxh7 Bd4 36.
b3 Ra8 37. b4 Ra2+ 38. Kb3 Rxg2 39. Rf7 Kd3 40. Ka4 Rb2 41. Kb5 Bc3 42. Rd7+ Kc2 43. Rdc7 Rxb4+ 44. Ka6 Rb3 45. Rxc3+ Rxc3 1-0

[Event "Early-Titled-Tuesday-Blitz-February-27-2024"]
[Site "Chess.com"]
[Date "2024.02.27"]
[Round "5"]
[White "martinmena"]
[Black "Leebit02"]
[Result "0-1"]
[WhiteElo "2244"]
[BlackElo "2544"]
[TimeControl "180+1"]
[EndTime "8:54:34 PST"]
[Termination "Leebit02 won by checkmate"]

1. c4 e6 2. g3 d5 3. Bg2 Nf6 4.
Nf3 d4 5. d3 c5 6. O-O Nc6 7. Bg5 Be7 8. Nbd2 O-O 9. Bh4 e5 10. Ng5 Bf5 11. f4 exf4 12. Rxf4 Bg6 13. Nge4 Nd7 14. Bxe7 Qxe7 15. Nf1 Rae8 16. Rf2 Nde5 17.
h3 f5 18. Ned2 Bh5 19. Bd5+ Kh8 20. Nf3 f4 21. g4 Bf7 22. Bxf7 Nxf7 23. Qd2 Nd6 24. Kg2 Rf6 25. N1h2 Ref8 26. Nh4 g5 27. N4f3 Re6 28. Re1 Re8 29. Nf1 Kg7 30. N1h2 Kg6 31. Kf1 Re3 32. Rg2 Nb4 33. a3 Nc6 34. Kf2 b6 35. h4 gxh4 36. g5 Nf5 37. Rg4 Ng3 38.
Nxh4+ Kh5 39. Rxf4 Nxe2 40. Nf5 Qxg5 41. Rh4+ Kg6 42.
Rh6+ Kxf5 43. Nf3 Qg3+ 44. Kf1 Rxf3# 0-1

[Event "Early-Titled-Tuesday-Blitz-February-27-2024"]
[Site "Chess.com"]
[Date "2024.02.27"]
[Round "5"]
[White "jcmesafischer"]
[Black "Korchmar_Vasiliy"]
[Result "1-0"]
[WhiteElo "2361"]
[BlackElo "2691"]
[TimeControl "180+1"]
[EndTime "8:54:34 PST"]
[Termination "jcmesafischer won by resignation"]

1. e4 c5 2. Nf3 a6 3. c3 d5 4. exd5 Nf6 5. d4 Nxd5 6. dxc5 e6 7.
b4 Be7 8. Bd3 Bf6 9. O-O Nxb4 10. cxb4 Bxa1 11. Bg5 Bf6 12. Bxf6 Qxf6 13. Nbd2 O-O 14.
Ne4 Qe7 15. Nfg5 f5 16. Qh5 h6 17. Qg6 hxg5 18. Nxg5 Qxg5 19. Qxg5 Nc6 20. a3 Ne5 21.
Be2 Bd7 22. f4 Nf7 23. Qe7 Bc6 24. Bf3 Rfe8 25. Qc7 Rac8 26. Qb6 e5 27. fxe5 Nxe5 28. Bxc6 Rxc6 29. Qxb7 Rg6 30. Rxf5 Rge6 31. h3 Kh7 32. a4 Kg6 33. Rf4 Kg5 34. Qe4 Kh6 35. Rh4+ Kg5 36. Qf4+ Kg6 37. Qg3+ Kf7 38. Rf4+ Kg8 39. b5 axb5 40.
axb5 Rg6 41. Qb3+ Kh7 42. Rh4+ Rh6 43. Qc2+ Kg8 44. Rxh6 gxh6 45. c6 1-0

[Event "Early-Titled-Tuesday-Blitz-February-27-2024"]
[Site "Chess.com"]
[Date "2024.02.27"]
[Round "5"]
[White "LikeWater"]
[Black "BilodeauA"]
[Result "0-1"]
[WhiteElo "2722"]
[BlackElo "3015"]
[TimeControl "180+1"]
[EndTime "8:54:35 PST"]
[Termination "BilodeauA won by checkmate"]

1. e4 e5 2. Nf3 Nc6 3. Nc3 Nf6 4.
Bb5 Bd6 5. d3 a6 6. Bc4 h6 7. a3 Bc5 8. Be3 d6 9. d4 exd4 10. Nxd4 Ne5 11. Be2 Nfg4 12. Bf4 c6 13. O-O Qf6 14. Bxe5 Nxe5 15. Nb3 Ba7 16. Qd2 O-O 17.
Rad1 Rd8 18. Kh1 Be6 19. Nd4 Nc4 20. Bxc4 Bxc4 21. Rfe1 Re8 22. f4 Rad8 23. b3 Be6 24. Nxe6 Qxe6 25. Qd3 d5 26. e5 f6 27. f5 Qe7 28. e6 Qxa3 29. Ne2 c5 30. Nf4 c4 31.
Qg3 cxb3 32. Nh5 Qe7 33. cxb3 d4 34. Re4 Bb8 35. Qg6 Kh8 36. Rh4 Rg8 37. Rd3 Rc8 38. g4 Rc1+ 39. Kg2 Rc2+ 40. Kf3 Qc5 41. Ng3 Bf4 42. Kxf4 Rf2+ 43. Rf3 Qe5# 0-1

[Event "Early-Titled-Tuesday-Blitz-February-27-2024"]
[Site "Chess.com"]
[Date "2024.02.27"]
[Round "5"]
[White "GAusal"]
[Black "MaxLeto"]
[Result "1-0"]
[WhiteElo "2313"]
[BlackElo "2511"]
[TimeControl "180+1"]
[EndTime "8:54:36 PST"]
[Termination "GAusal won on time"]

1. d4 h5 2. Nf3 h4 3. e4 h3 4.
Nc3 d6 5. gxh3 Bxh3 6. Bxh3 Rxh3 7. Ng5 Rh8 8. Qf3 Nh6 9. Bd2 e6 10. O-O-O c6 11. h4 Nd7 12. d5 cxd5 13. exd5 e5 14.
Nge4 Nf6 15. Bxh6 Rxh6 16. h5 Qa5 17. Ng3 O-O-O 18. Nf5 Rh7 19. Kb1 Kb8 20. h6 g6 21.
Ne3 Nh5 22. Ne4 Bxh6 23. c4 f5 24. Nc3 e4 25. Qg2 Nf4 26. Qg3 Rg7 27. Rxh6 Nd3 28. Rxd3 exd3 29. Rxg6 Rf7 30. Rxd6 Rc8 31. Ra6+ Qc7 32.
Qxc7+ Rcxc7 33. Re6 f4 34. Ng4 Rxc4 35. Kc1 Rd4 36.
Kd2 Rg7 37. f3 Rh7 38. Re4 Rxe4 39. Nxe4 Rh3 40. Kxd3 Rxf3+ 41. Kd4 Rf1 42. Ne5 f3 43. d6 Rd1+ 44. Ke3 1-0

[Event "Early-Titled-Tuesday-Blitz-February-27-2024"]
[Site "Chess.com"]
[Date "2024.02.27"]
[Round "5"]
[White "mishanick"]
[Black "ChessQueen"]
[Result "0-1"]
[WhiteElo "3066"]
[BlackElo "2759"]
[TimeControl "180+1"]
[EndTime "8:54:37 PST"]
[Termination "ChessQueen won by resignation"]

1. d4 Nf6 2. c4 e6 3. Nf3 d5 4.
Nc3 dxc4 5. e4 b5 6. e5 Nd5 7. Nxb5 Nb6 8. a3 Be7 9. Be3 Nc6 10. Be2 Bb7 11. Nc3 Na5 12. Nd2 Qd7 13. Bf3 Bd5 14. Nxd5 exd5 15. O-O O-O 16. b4 Nc6 17.
Bg4 Qe8 18. Qc2 a5 19. b5 Nd8 20. a4 Bb4 21. Nf3 Ne6 22. Ng5 Nxg5 23. Bxg5 c6 24. bxc6 Qxc6 25. f4 c3 26. f5 Nc4 27. f6 g6 28. Rf3 Qb6 29. Qf2 Nd2 30. Bxd2 cxd2 31. Rh3 Rfc8 32. Rd1 Rc1 33. Be2 Rac8 34. Qh4 h5 35.
Bxh5 R8c4 36. Rd3 Rxd1+ 37. Bxd1 Rc1 38. Qg4 Qe6 39. Qe2 Qc6 40. e6 Qxe6 41. Re3 Qxf6 42.
Re8+ Kg7 43. Re5 Qc6 44. Qf3 Qc2 45. Kf2 Qxd1 46. Qe3 Qe1+ 0-1

[Event "Early-Titled-Tuesday-Blitz-February-27-2024"]
[Site "Chess.com"]
[Date "2024.02.27"]
[Round "5"]
[White "Schattman"]
[Black "DrCeltic"]
[Result "0-1"]
[WhiteElo "2429"]
[BlackElo "2591"]
[TimeControl "180+1"]
[EndTime "8:54:38 PST"]
[Termination "DrCeltic won on time"]

1. Nf3 d5 2. g3 Nf6 3. Bg2 Bf5 4. O-O e6 5. d4 h6 6. c4 c6 7. Nc3 Be7 8. Qb3 Qb6 9. c5 Qa6 10. Re1 Nbd7 11. Bf1 b5 12. a4 bxa4 13. Rxa4 Qc8 14. Qa2 a6 15. Bf4 Nh5 16. Bd2 O-O 17. h3 Bc2 18. Ra5 Bd8 19. Ra3 e5 20. e3 e4 21.
Nh2 Nb8 22. b4 Bd3 23. Bxd3 exd3 24. Kg2 Nf6 25. Qb1 Qf5 26. g4 Qg6 27. Nd1 Ne4 28. Qxd3 f5 29. f3 Nxd2 30. Qxd2 Bc7 31. Nf2 h5 32. e4 dxe4 33. fxe4 fxg4 34. hxg4 h4 35. e5 Bd8 36. Qd3 Qf7 37. Ne4 Nd7 38.
Rf1 Qd5 39. Rxf8+ Nxf8 40. Kh3 Ng6 41. Qe3 Be7 42. Rc3 Rf8 43. Rc2 Nf4+ 0-1

[Event "Early-Titled-Tuesday-Blitz-February-27-2024"]
[Site "Chess.com"]
[Date "2024.02.27"]
[Round "5"]
[White "IsaqueGoncalvesSanto"]
[Black "AniJak"]
[Result "0-1"]
[WhiteElo "1760"]
[BlackElo "2369"]
[TimeControl "180+1"]
[EndTime "8:54:39 PST"]
[Termination "AniJak won by checkmate"]

1. d4 f5 2. Qd3 d5 3. g4 g6 4. h4 fxg4 5. h5 Bf5 6. Qb5+ Nd7 7. Qxb7 Ngf6 8. hxg6 Bxg6 9. Bg2 Nb6 10. Bf4 Bxc2 11. Na3 e5 12. Qc6+ Qd7 13. Qxf6 Bg7 14. Qg5 h6 15. Qh5+ Qf7 16. Qxf7+ Kxf7 17. dxe5 Bg6 18.
Rc1 Rac8 19. Nb5 Nc4 20. b3 Nxe5 21. Bxd5+ Ke7 22. Nxa7 Rcd8 23. e4 Nd3+ 24. Kd1 Nxf4 25. Rxc7+ Kf6 26. Rc6+ Kg5 27. Kc2 Rxd5 28. Rxg6+ Kxg6 29.
exd5 Nxd5 30. Ne2 Ra8 31. Nb5 Rxa2+ 32. Kd3 Nb4+ 33. Kc4 Rxe2 34. Kxb4 Rxf2 35. Rd1 g3 36. Rg1 g2 37. Kc4 h5 38. Nd4 Bxd4 39. Kxd4 h4 40. Ke3 Rb2 41. Kf3 h3 42. Kg3 Rxb3+ 43. Kh2 Kg5 44.
Re1 Rf3 45. Re5+ Rf5 46. Re1 Rf1 47. Rxf1 gxf1=Q 48. Kg3 Qg2# 0-1

[Event "Early-Titled-Tuesday-Blitz-February-27-2024"]
[Site "Chess.com"]
[Date "2024.02.27"]
[Round "5"]
[White "HanSchut"]
[Black "annacramling"]
[Result "1-0"]
[WhiteElo "2302"]
[BlackElo "2104"]
[TimeControl "180+1"]
[EndTime "8:54:39 PST"]
[Termination "HanSchut won on time"]

1. e4 c5 2. Nf3 e6 3. c4 Nc6 4.
Nc3 Nd4 5. Be2 d6 6. O-O Nf6 7. d3 Be7 8. Be3 e5 9. Bxd4 cxd4 10. Nd5 O-O 11. h3 Be6 12. Nd2 Rc8 13. f4 Bxd5 14. cxd5 exf4 15. Rxf4 Nd7 16. Bg4 Bg5 17. Rf1 Rc7 18.
Bxd7 Qxd7 19. Kh1 Rfc8 20. Nc4 b5 21. Na5 Rc1 22. Rxc1 Rxc1 23. Qf3 Qc7 24. Nc6 Rxf1+ 25. Qxf1 g6 26. Qf2 Be3 27. Qf6 Qd7 28. Nxd4 Bxd4 29.
Qxd4 Qc7 30. Qc3 Qb6 31. d4 Qa6 32. a3 Qa4 33. e5 Qd1+ 34. Kh2 dxe5 35. dxe5 Qxd5 36. Qe3 a5 37. Kg3 b4 38. axb4 axb4 39. b3 Qb5 40. Kf4 h5 41. Kg5 Qd5 42. g4 Qd8+ 43. Kf4 g5+ 44. Kg3 h4+ 45. Kf3 Qd5+ 46.
Kf2 Kg7 47. Ke2 Qg2+ 48. Kd3 Qf1+ 49. Kd4 Qd1+ 50. Qd3 1-0

[Event "Early-Titled-Tuesday-Blitz-February-27-2024"]
[Site "Chess.com"]
[Date "2024.02.27"]
[Round "5"]
[White "dretch"]
[Black "PLAYER_2006_M"]
[Result "0-1"]
[WhiteElo "2884"]
[BlackElo "3018"]
[TimeControl "180+1"]
[EndTime "8:54:40 PST"]
[Termination "PLAYER_2006_M won by resignation"]

1. d4 e6 2. c4 b6 3. e4 Bb4+ 4. Nc3 Bb7 5. Bd3 f5 6. Qe2 Nf6 7. Bg5 fxe4 8. Bxe4 Bxe4 9. Bxf6 Qxf6 10. Qxe4 Nc6 11. Nf3 O-O 12. O-O Qf4 13. Qxf4 Rxf4 14. Ne2 Rff8 15. a3 Be7 16. d5 Na5 17. dxe6 dxe6 18. Rac1 c5 19. Rfe1 Rad8 20. Kf1 Bf6 21. Rc2 Rd6 22. Ng3 Bd4 23. b4 cxb4 24. axb4 Nc6 25. b5 Nb4 26. Rd2 e5 27. Ne4 Rg6 28. Rb1 Rg4 29. Rxb4 Rxe4 30. Ra4 Bc5 31. Rd7 Rg4 32. h3 Rg6 33. Nxe5 Rxf2+ 34. Ke1 Re6 35.
Rd8+ Rf8 36. Rxf8+ Kxf8 37. Rxa7 Rxe5+ 38. Kd2 Re4 39.
Kd3 Re3+ 40. Kd2 Rg3 41. Rc7 h5 42. h4 g6 43. Rd7 Ke8 44. Rh7 Rxg2+ 45. Kd3 Rg4 46.
Rg7 Kf8 47. Rc7 Rxh4 48. Rxc5 bxc5 49. b6 Rd4+ 50. Kc3 Rd6 51. b7 Rb6 0-1

[Event "Early-Titled-Tuesday-Blitz-February-27-2024"]
[Site "Chess.com"]
[Date "2024.02.27"]
[Round "5"]
[White "GM_Levan_Pantsulaia"]
[Black "nekotyanof"]
[Result "1-0"]
[WhiteElo "2939"]
[BlackElo "2634"]
[TimeControl "180+1"]
[EndTime "8:54:40 PST"]
[Termination "GM_Levan_Pantsulaia won by resignation"]

1. Nf3 Nf6 2. g3 g6 3. b3 Bg7 4.
Bb2 O-O 5. Bg2 d5 6. c4 c5 7.
cxd5 Nxd5 8. Bxg7 Kxg7 9. O-O Nc6 10. d4 cxd4 11. Nxd4 Nxd4 12. Qxd4+ Nf6 13. Qe5 Qb6 14.
Nc3 Be6 15. Na4 Qb4 16. Nc5 Bd5 17. Qxe7 Kg8 18. Qxf6 Bxg2 19. Kxg2 Qxc5 20. Rac1 Qd5+ 21. Qf3 Qxf3+ 22. Kxf3 a5 23. Rc7 b5 24. Rd1 a4 25.
b4 Rfc8 26. Rdd7 Rxc7 27. Rxc7 a3 28. Rc5 Rd8 29. Ke3 Rd1 30. Rc3 Rb1 31. Rxa3 Rxb4 32. Rb3 Ra4 33. a3 h5 34. Kd3 Kg7 35. Kc2 Kf6 36.
Kb2 Rd4 37. Rf3+ Kg5 38. Kc3 Rd7 39. Kb4 f5 40. h4+ Kg4 41. Kxb5 Rd2 42. Rf4+ Kh3 43. e3 Rb2+ 44. Kc6 Kg2 45. a4 Ra2 46. Kd6 Rxf2 47. Rxf2+ Kxf2 48. a5 Kxg3 49. a6 g5 50. hxg5 h4 51. g6 h3 52. g7 1-0

[Event "Early-Titled-Tuesday-Blitz-February-27-2024"]
[Site "Chess.com"]
[Date "2024.02.27"]
[Round "5"]
[White "Orest_Vovk"]
[Black "nicolasbatista3"]
[Result "0-1"]
[WhiteElo "2561"]
[BlackElo "2425"]
[TimeControl "180+1"]
[EndTime "8:54:41 PST"]
[Termination "nicolasbatista3 won on time"]

1. h4 d5 2. h5 h6 3. e4 c6 4. Nc3 e6 5. Nf3 Nf6 6. Qe2 d4 7. e5 dxc3 8. exf6 cxd2+ 9. Bxd2 Qxf6 10. O-O-O Nd7 11. Bc3 Qf4+ 12. Kb1 Nf6 13. Rh4 Qc7 14. Ne5 Nd5 15. Bd4 c5 16. Qb5+ Bd7 17. Nxd7 Qxd7 18.
Qb3 a6 19. Be2 cxd4 20. Rhxd4 Be7 21. c4 Bf6 22. R4d3 O-O 23. cxd5 exd5 24. Rxd5 Qc7 25. Bf3 Rac8 26. a3 b5 27. Rd7 Qe5 28. Ka2 a5 29.
R7d2 a4 30. Qd5 Qb8 31. Qd6 Qa7 32. Qd3 Qb6 33. Qe3 Rc5 34. Qd3 Qe6+ 35. Ka1 Rfc8 36. Qe4 Rc1+ 37. Rxc1 Rxc1+ 38. Qb1 Rxb1+ 39. Kxb1 Qe1+ 40. Kc2 Qa1 41. Kd3 Qb1+ 42. Ke2 Bxb2 43. Rd8+ Kh7 44.
Bd5 Qc2+ 45. Kf3 Qf5+ 46. Ke3 Qg5+ 47. f4 Qxd8 48. Be4+ g6 0-1

[Event "Early-Titled-Tuesday-Blitz-February-27-2024"]
[Site "Chess.com"]
[Date "2024.02.27"]
[Round "5"]
[White "Rosh1610"]
[Black "CarlosjPineror"]
[Result "0-1"]
[WhiteElo "2415"]
[BlackElo "2569"]
[TimeControl "180+1"]
[EndTime "8:54:42 PST"]
[Termination "CarlosjPineror won by resignation"]

1. e4 c5 2. Nc3 e6 3. Nge2 a6 4. g3 Nc6 5. Bg2 Nf6 6. O-O Be7 7. d4 cxd4 8. Nxd4 Qc7 9. Be3 d6 10. f4 Bd7 11. h3 O-O 12. g4 Nxd4 13. Bxd4 Bc6 14. g5 Nd7 15. Re1 e5 16. Be3 exf4 17.
Bxf4 Ne5 18. Kh1 Rfe8 19. Nd5 Bxd5 20. exd5 Ng6 21. Be3 Qd8 22. Qg4 f6 23. h4 Ne5 24.
Qg3 Rc8 25. Be4 g6 26. c3 f5 27. Bc2 Bf8 28. Bd4 Bg7 29. h5 Qd7 30. hxg6 hxg6 31. Kg2 Re7 32. Rh1 Ng4 33. Bxg7 Re2+ 34. Kf1 Rf2+ 35.
Qxf2 Nxf2 36. Kxf2 Kxg7 37. Rh6 Qe7 38. Rah1 Qxg5 39.
Rh7+ Kf6 40. Ke2 Re8+ 41. Kd1 Re5 42. Bb3 Qg2 43. R7h2 Qf3+ 44. Kc1 Re2 45. Rxe2 Qxe2 46. Rh7 f4 47. Rxb7 f3 0-1

[Event "Early-Titled-Tuesday-Blitz-February-27-2024"]
[Site "Chess.com"]
[Date "2024.02.27"]
[Round "5"]
[White "baki83"]
[Black "FoggyMorning"]
[Result "0-1"]
[WhiteElo "2832"]
[BlackElo "2645"]
[TimeControl "180+1"]
[EndTime "8:54:43 PST"]
[Termination "FoggyMorning won by resignation"]

1. e4 e6 2. d4 d5 3. exd5 exd5 4. Nf3 Bd6 5. c4 Nf6 6. c5 Be7 7. Qa4+ Nc6 8. Ne5 O-O 9. Nxc6 bxc6 10. Be2 Ne4 11.
O-O Bd7 12. f3 Ng5 13. Nc3 Ne6 14. Be3 Bg5 15. f4 Bf6 16. Rad1 Rb8 17. Rd2 Re8 18. Rf3 g6 19. h3 Ng7 20. g4 h5 21. g5 Nf5 22. Bf2 Bxg5 23. Kh2 Bxf4+ 24. Rxf4 Qg5 25. Rxf5 Qxd2 26. Re5 Rxe5 27. dxe5 Rxb2 28. Qd4 Qc2 29. Bg3 Be6 30. Qe3 Qf5 31. Bh4 Rc2 32. Bf6 Rxc3 33. Qxc3 Qf2+ 34. Kh1 Qxe2 35. Qg3 Qe4+ 36. Kh2 Qe2+ 37.
Kh1 Qf1+ 38. Kh2 Qe2+ 39. Kg1 Qd1+ 40. Kh2 Qd2+ 41. Kg1 d4 42. Bg5 Qd1+ 43. Kh2 Qe2+ 44. Kg1 d3 45. Bh6 Qd1+ 46. Kh2 Qe2+ 47. Kg1 d2 48. Bxd2 Qxd2 49. Qf3 Qd4+ 50. Qe3 Qxe3+ 0-1

[Event "Early-Titled-Tuesday-Blitz-February-27-2024"]
[Site "Chess.com"]
[Date "2024.02.27"]
[Round "5"]
[White "Flawless_Fighter"]
[Black "arenal72"]
[Result "0-1"]
[WhiteElo "2724"]
[BlackElo "2597"]
[TimeControl "180+1"]
[EndTime "8:54:43 PST"]
[Termination "arenal72 won by resignation"]

1. e4 Nc6 2. Nf3 d6 3. Nc3 g6 4. d4 Nf6 5. Be3 Bg7 6. Qd2 a6 7. O-O-O b5 8. Bd3 Bb7 9. h3 Nb4 10. Kb1 Nxd3 11. cxd3 Qd7 12. g4 b4 13. Ne2 Nxe4 14. dxe4 Bxe4+ 15. Ka1 Bxf3 16. Rhe1 O-O 17. Rc1 b3 18. a3 Bxe2 19. Rxe2 c5 20. dxc5 Qa4 21.
Qb4 Qxb4 22. axb4 Rab8 23. Bd2 dxc5 24. bxc5 e6 25. c6 Rfc8 26. Re4 Rb6 27. Rec4 Be5 28.
Kb1 Rb5 29. c7 Rd5 30. Be3 Rd7 31. Rc5 Bd6 32. Rc6 Rcxc7 33. Rxa6 Rxc1+ 34. Kxc1 Be5 35. Rb6 Rd3 36. Bh6 Rxh3 37. g5 f5 38. Rxe6 Rh1+ 39. Kd2 Bxb2 40. Rb6 Bc1+ 41. Kd3 b2 42. Kc2 Rf1 43.
Rf6 b1=Q+ 44. Kc3 Bb2+ 45. Kc4 Bxf6 0-1